 Dungeon Crawl Stone Soup version 0.27-a0-1200-g94dc6ad4cf (webtiles) character file.

Game seed: 12815701966747011832

90 senseless the Skirmisher (level 4, -2/40 HPs)
             Began as a Minotaur Fighter on May 31, 2021.
             Killed by nerve-wracking pain
             ... invoked by Grinder
              (13 damage)
             ... on level 3 of the Dungeon.
             The game lasted 00:02:25 (2301 turns).

senseless the Skirmisher (Minotaur Fighter)         Turns: 2301, Time: 00:02:25

Health: -2/40      AC:  7    Str: 21    XL:     4   Next: 32%
Magic:  3/3        EV:  8    Int:  5    God:
Gold:   131        SH:  9    Dex: 10    Spells: 3/3 levels left

rFire    . . .     SeeInvis .   a - +0 war axe
rCold    . . .     Faith    .   c - +0 kite shield
rNeg     . . .     Spirit   .   b - +0 scale mail
rPois    .         Reflect  .   (helmet restricted)
rElec    .         Harm     .   (no cloak)
rCorr    .         Rampage  .   (no gloves)
Will     .....                  (no boots)
Stlth    ..........             (no amulet)
HPRegen  0.13/turn              (no ring)
MPRegen  0.08/turn              (no ring)

@: no status effects
A: horns 2, retaliatory headbutt
a: no special abilities


You were on level 3 of the Dungeon.
You visited 1 branch of the dungeon, and saw 3 of its levels.

You collected 131 gold pieces.

Inventory:

Hand Weapons
 a - a +0 war axe (weapon)
 g - a +0 vorpal spear
Missiles
 e - 8 javelins (quivered)
Armour
 b - a +0 scale mail (worn)
 c - a +0 kite shield (worn)
Jewellery
 i - a +4 ring of protection
Wands
 m - a wand of polymorph (8)
Scrolls
 h - a scroll of identify {unknown}
 j - a scroll of fear
Potions
 d - 2 potions of might
 f - a potion of brilliance {unknown}
 l - a potion of attraction {unknown}


   Skills:
 * Level 4.3 Fighting
 * Level 3.2 Axes
 + Level 1.0 Throwing
 * Level 4.3 Armour
 + Level 1.1 Dodging
 * Level 4.2 Shields


You had 3 spell levels left.
You didn't know any spells.
Your spell library was empty.

Dungeon Overview and Level Annotations

Branches:
Dungeon (3/15)

Altars:

Annotations:
D:3 Grinder


Innate Abilities, Weirdness & Mutations

You have a pair of horns on your head.
You reflexively headbutt those who attack you in melee.


Message History

Grinder blinks!
Grinder gestures at you. Pain shoots through your body! Grinder hits you.
You writhe in agony.
You barely miss Grinder.
Grinder is moderately wounded.
You block Grinder's attack. Grinder hits you but does no damage.
You closely miss Grinder.
Grinder is moderately wounded.
Grinder hits you!
You writhe in agony.
You are too injured to fight recklessly!
You are too injured to fight recklessly!
You are too injured to fight recklessly!
You closely miss Grinder.
Grinder is moderately wounded.
Grinder barely misses you. You block Grinder's attack.
You closely miss Grinder.
Grinder is moderately wounded.
You block Grinder's attack.
You hit Grinder.
Grinder is moderately wounded.
Grinder blinks!
Grinder zaps a wand.
Some rock shatters into small pieces.
You closely miss Grinder.
Grinder is moderately wounded.
You block Grinder's attack. Grinder hits you.
* * * LOW HITPOINT WARNING * * *
You barely miss Grinder. You headbutt Grinder!
Grinder is heavily wounded.
Grinder completely misses you.
You hit Grinder. Your headbutt misses Grinder.
Grinder is severely wounded.
Grinder hits you but does no damage. You block Grinder's attack.
You barely miss Grinder.
Grinder is severely wounded.
You block Grinder's attack. x2
You hit Grinder but do no damage.
Grinder is severely wounded.
Grinder gestures at you. Pain shoots through your body!
You die...

########## ######
#......... .....####
#.######## ###.......#
#.# # ...#.....# #.#
#.##.5# #.## #...@# #..#
#.#.## ##.# #..####.#
#.####### #.......#
#.#...... #..#######
#.#.####.
####...##########....###.
+..................).....
####...###########....##.
##.## ##.#.##.


You could see Grinder.

Vanquished Creatures
  4 adders
  2 worms (D:2)
  3 dart slugs (D:2)
  4 ball pythons
  A bat (D:2)
  5 endoplasms
  A giant cockroach (D:2)
  9 hobgoblins
  4 kobolds
  2 quokkas
  3 frilled lizards
  A rat (D:1)
39 creatures vanquished.

Notes
Turn   | Place    | Note
-------+----------+-------------------------------------------
     0 | D:1      | senseless the Minotaur Fighter began the quest for the Orb.
     0 | D:1      | Reached XP level 1. HP: 19/19 MP: 0/0
   250 | D:1      | Reached XP level 2. HP: 27/27 MP: 1/1
   898 | D:2      | Reached XP level 3. HP: 28/33 MP: 2/2
  1668 | D:2      | Reached skill level 1 in Dodging
  1668 | D:2      | Reached XP level 4. HP: 40/40 MP: 3/3
  2040 | D:3      | Reached skill level 1 in Throwing
  2278 | D:3      | Noticed Grinder
  2301 | D:3      | Killed from afar by Grinder

Illustrated notes

Levels and vault maps discovered:
D:1:      heliophobic_arrival_enchanted_forest, layout_basic
D:2:      layout_loops_ring
D:3:      layout_loops_corners, uniq_grinder

Skill      XL: |  1  2  3  4 |
---------------+-------------+-----
Armour         | 4 |  4.3
Shields        | 4 |  4.2
Fighting       | 4 |  4.3
Axes           | 3 |  3.2
Dodging        | 1 |  1.1
Throwing       | 1 |  1.0

Action                   |  1- 3 |  4- 6 || total
-------------------------+-------+-------++-------
Melee: War axe           |    74 |    23 ||    97
       Headbutt          |    12 |     2 ||    14
  Use: Scroll            |       |     4 ||     4
Armor: Scale mail        |    27 |     5 ||    32
Dodge: Dodged            |    19 |     8 ||    27
Block: Kite shield       |    27 |    13 ||    40

Table legend: (Time is in decaauts)
 A = Elapsed time spent in this place.
 B = Non-inter-level travel time spent in this place.
 C = Inter-level travel time spent in this place.
 D = Time resting spent in this place.
 E = Time spent auto-exploring this place.
 F = Levels seen in this place.
 G = Mean time per level.
                   A        B        C        D        E       F      G
               +--------+--------+--------+--------+--------+-----+--------+
         Total |   2356 |   2316 |     40 |      0 |   2021 |   3 |  785.3 |
       Dungeon |   2356 |   2316 |     40 |      0 |   2021 |   3 |  785.3 |
               +--------+--------+--------+--------+--------+-----+--------+

Top non-repeatable levels by time:
     D:2: 1109 daAuts
     D:1: 726 daAuts
     D:3: 520 daAuts
